Avalanche vs Red Wings
Created - April 14, 2018 at 18:59
Goals
|
Avalanche |
3 |
1 |
0 |
4 |
Red Wings |
0 |
0 |
1 |
1 |
|
Shots
|
Avalanche |
11 |
10 |
14 |
35 |
Red Wings |
13 |
6 |
5 |
24 |
|
1st period
1. Avalanche , Mikkel Boedker 42 (Jack Johnson 41) at 0:16
2. Avalanche , Chuck Kobasew 12 (Ryan Smyth 12) at 6:29
3. Avalanche , Mikkel Boedker 43 (Bryan Little 58, Brandon Yip 11) at 16:25
Penalties :
No Penalty
2nd period
4. Avalanche , Chris Drury 15 (Alexander Radulov 30, Jay Bouwmeester 27) at 15:00
Penalties :
Brent Seabrook (Det) for Slashing (Minor) at 7:53, Dan Boyle (Col) for Interference (Minor) at 17:26
3rd period
5. Red Wings , Nate Thompson 8 (Filip Kuba 22) at 5:14
Penalties :
Chuck Kobasew (Col) for Tripping (Minor) at 15:33
Goalie Stats
Semyon Varlamov (Col), 23 saves from 24 shots - (0.958), W, 41-20-5, 60:00 minutes
Tuukka Rask (Det), 31 saves from 35 shots - (0.886), L, 32-24-4, 60:00 minutes
Players Stats for Avalanche
Player Name G A P +/- PIM S H SB GA TA FO MP PP MP PK MP
------------------------------------------------------------------------------------
Alexander Radulov 0 1 1 0 0 1 0 0 2 0 2/2 15:03 0:55 1:09
Andrei Kostitsyn 0 0 0 0 0 6 2 0 0 0 2/3 17:39 0:55 1:21
Andrew Ladd 0 0 0 0 0 2 1 0 0 0 2/3 15:21 0:05 2:08
Brandon Yip 0 1 1 0 0 5 1 1 0 0 0/0 15:32 0:00 0:00
Bryan Little 0 1 1 2 0 4 1 0 0 0 9/16 16:12 1:04 0:00
Chris Drury 1 0 1 0 0 3 3 0 1 0 2/7 14:28 0:00 1:20
Chuck Kobasew 1 0 1 1 2 2 2 0 1 1 0/0 11:34 0:00 1:11
Corey Perry 0 0 0 2 0 0 2 1 0 0 0/0 16:07 0:59 0:00
Dan Boyle 0 0 0 -1 2 2 1 0 0 0 0/0 18:08 0:55 0:00
Jack Johnson 0 1 1 1 0 0 1 0 0 1 0/0 20:12 1:04 1:44
Jay Bouwmeester 0 1 1 3 0 1 1 1 0 1 0/0 19:02 0:55 0:00
Johnny Boychuk 0 0 0 -1 0 0 2 0 0 1 0/0 19:42 0:00 1:44
Kyle Turris 0 0 0 1 0 1 2 0 0 0 3/7 10:28 0:00 0:04
Marc Staal 0 0 0 1 0 0 3 2 0 0 0/0 20:53 0:00 2:14
Mikkel Boedker 2 0 2 2 0 3 0 0 1 0 2/3 16:12 1:04 0:00
Paul Stastny 0 0 0 0 0 4 1 0 0 0 6/14 16:17 0:55 0:00
Pernell Karl Subban 0 0 0 3 0 1 3 0 0 0 0/0 22:03 1:04 2:14
Ryan Smyth 0 1 1 1 0 0 0 0 0 0 0/0 11:07 0:00 0:43
Players Stats for Red Wings
Player Name G A P +/- PIM S H SB GA TA FO MP PP MP PK MP
------------------------------------------------------------------------------------
Adam Henrique 0 0 0 0 0 0 0 0 0 0 0/0 1:50 1:40 0:00
Ales Hemsky 0 0 0 1 0 1 1 0 0 0 0/0 12:48 0:06 0:00
Alex Picard 0 0 0 -3 0 2 0 0 0 0 1/1 21:42 0:00 0:07
Brent Seabrook 0 0 0 -1 2 3 1 4 0 0 0/0 21:24 2:33 0:00
Chris Kelly 0 0 0 -1 0 1 0 0 0 0 3/6 8:46 0:06 0:00
Filip Kuba 0 1 1 -2 0 1 0 1 0 0 0/0 17:03 0:00 1:11
Jiri Fischer 0 0 0 -1 0 0 1 1 0 1 0/0 21:06 1:25 0:48
Mike Richards 0 0 0 -3 0 2 1 0 1 0 8/19 17:12 2:12 0:00
Nate Thompson 1 0 1 1 0 3 1 0 0 0 1/5 12:29 0:00 0:00
Nino Niederreiter 0 0 0 -2 0 0 2 1 0 1 0/0 9:47 0:06 0:58
Oleg Saprykin 0 0 0 1 0 0 0 0 0 0 0/0 13:40 0:00 0:54
Ole-Kristian Tollefsen 0 0 0 0 0 2 0 1 0 1 0/0 22:50 2:33 0:48
Phil Kessel 0 0 0 0 0 2 0 0 1 0 0/0 19:46 1:40 0:00
Philip Samuelsson 0 0 0 0 0 1 0 2 1 1 0/0 21:11 1:25 0:34
Rick Nash 0 0 0 -3 0 5 2 1 0 0 1/1 18:33 2:12 0:58
Sean Bergenheim 0 0 0 0 0 1 3 0 0 0 0/1 20:15 2:12 0:07
Theo Peckham 0 0 0 -2 0 0 2 2 0 1 0/0 16:29 0:00 0:37
Tyler Johnson 0 0 0 0 0 0 1 0 1 0 13/22 21:09 1:40 0:54
3 Stars
1 - Mikkel Boedker (Col)
2 - Jay Bouwmeester (Col)
3 - Semyon Varlamov (Col)
Power Play
Avalanche - 0 on 1 Attempt(s) - 0.00%
Red Wings - 0 on 2 Attempt(s) - 0.00%
Penalty Kill
Avalanche - 2 on 2 Attempt(s) - 100.00%
- Score 0 goal in Penalty Kill
Red Wings - 1 on 1 Attempt(s) - 100.00%
- Score 0 goal in Penalty Kill
Team Stat
Avalanche - Hits : 26 - Faceoff Wins : 28 - Blocked Shots : 5 - Penalty Minutes : 4
Red Wings - Hits : 15 - Faceoff Wins : 27 - Blocked Shots : 13 - Penalty Minutes : 2
Official
Referees : Walsh Ian and LaRue Dennis
Linesman : Brad Lazarowich and Dan Schachte
Game Notes
No Game Note
Finance
Level 1 -- Attendance: 6000 (100.00%) -- Ticket Income $522,000
Level 2 -- Attendance: 4390 (87.80%) -- Ticket Income $254,620
Level 3 -- Attendance: 1589 (79.45%) -- Ticket Income $63,560
Level 4 -- Attendance: 3382 (84.55%) -- Ticket Income $98,078
Luxury Box -- Attendance: 880 (88.00%) -- Ticket Income $147,840
Game was played at the Joe Louis Arena.
Total Attendance: 16241 (90.23%)
Total Ticket Income: $1,086,098
Other Income: $162,915
Total Income: $1,249,013
Avalanche
5 vs 5 Forward
Center Left Wing Right Wing Time % Phy DF OF
1 Bryan Little Mikkel Boedker Corey Perry 30 0 2 2
2 Paul Stastny Andrei Kostitsyn Brandon Yip 30 1 2 2
3 Chris Drury Andrew Ladd Alexander Radulov 25 1 2 2
4 Kyle Turris Ryan Smyth Chuck Kobasew 15 1 2 2
5 vs 5 Defense
Defense Defense Time % Phy DF OF
1 Jack Johnson Marc Staal 35 1 2 2
2 Pernell Karl Subban Jay Bouwmeester 35 1 2 2
3 Dan Boyle Johnny Boychuk 30 1 2 2
4 Jack Johnson Marc Staal 0 1 2 2
PowerPlay Forward
Center Left Wing Right Wing Time % Phy DF OF
1 Bryan Little Mikkel Boedker Corey Perry 60 1 2 2
2 Paul Stastny Andrei Kostitsyn Alexander Radulov 40 1 2 2
PowerPlay Defense
Defense Defense Time % Phy DF OF
1 Dan Boyle Jay Bouwmeester 60 1 2 2
2 Pernell Karl Subban Jack Johnson 40 1 2 2
Penalty Kill 4 Players Forward
Center Wing Time % Phy DF OF
1 Andrew Ladd Chuck Kobasew 60 1 2 2
2 Chris Drury Ryan Smyth 40 1 2 2
Penalty Kill 4 Players Defense
Defense Defense Time % Phy DF OF
1 Pernell Karl Subban Marc Staal 60 1 2 2
2 Jack Johnson Johnny Boychuk 40 1 2 2
Penalty Kill - 3 Players Forward
Forward Time % Phy DF OF
1 Chuck Kobasew 60 1 2 2
2 Ryan Smyth 40 1 2 2
Penalty Kill - 3 Players Defense
Defense Defense Time % Phy DF OF
1 Jack Johnson Marc Staal 60 1 2 2
2 Pernell Karl Subban Johnny Boychuk 40 1 2 2
4 vs 4 Forward
Center Wing Time % Phy DF OF
1 Bryan Little Corey Perry 60 1 2 2
2 Mikkel Boedker Andrei Kostitsyn 40 1 2 2
4 vs 4 Defense
Defense Defense Time % Phy DF OF
1 Jack Johnson Marc Staal 60 1 2 2
2 Pernell Karl Subban Jay Bouwmeester 40 1 2 2
Last Minutes Offensive
Center Left Wing Right Wing Defense Defense
Bryan Little Mikkel Boedker Corey Perry Jack Johnson Dan Boyle
Last Minutes Defensive
Center Left Wing Right Wing Defense Defense
Chris Drury Andrew Ladd Chuck Kobasew Jack Johnson Marc Staal
Goaltenders
Starting : Semyon Varlamov
Backup : Hannu Toivonen
Extra Forwards
Normal : Andrei Kostitsyn, Andrew Ladd, Alexander Radulov - PP : Paul Stastny, Andrew Ladd - PK : Alexander Radulov
Extra Defensemen
Normal : Dan Boyle, Johnny Boychuk, Pernell Karl Subban - PP : Dan Boyle - PK : Johnny Boychuk, Pernell Karl Subban
Penalty Shots
Bryan Little, Corey Perry, Mikkel Boedker, Andrei Kostitsyn, Paul Stastny
Scratches
Mike Comrie (Right Hip Injury)
Red Wings
5 vs 5 Forward
Center Left Wing Right Wing Time % Phy DF OF
1 Mike Richards Alex Picard Rick Nash 36 0 2 3
2 Tyler Johnson Sean Bergenheim Phil Kessel 36 0 2 3
3 Chris Kelly Alex Picard Nino Niederreiter 20 0 3 2
4 Nate Thompson Oleg Saprykin Ales Hemsky 8 1 2 2
5 vs 5 Defense
Defense Defense Time % Phy DF OF
1 Brent Seabrook Jiri Fischer 35 0 3 2
2 Philip Samuelsson Ole-Kristian Tollefsen 35 0 3 2
3 Filip Kuba Theo Peckham 20 0 3 2
4 Filip Kuba Theo Peckham 10 0 3 2
PowerPlay Forward
Center Left Wing Right Wing Time % Phy DF OF
1 Mike Richards Sean Bergenheim Rick Nash 60 0 1 4
2 Tyler Johnson Adam Henrique Phil Kessel 40 0 1 4
PowerPlay Defense
Defense Defense Time % Phy DF OF
1 Ole-Kristian Tollefsen Brent Seabrook 60 0 2 3
2 Jiri Fischer Philip Samuelsson 40 0 2 3
Penalty Kill 4 Players Forward
Center Wing Time % Phy DF OF
1 Tyler Johnson Oleg Saprykin 50 1 2 2
2 Rick Nash Nino Niederreiter 50 1 2 2
Penalty Kill 4 Players Defense
Defense Defense Time % Phy DF OF
1 Brent Seabrook Filip Kuba 50 1 2 2
2 Jiri Fischer Ole-Kristian Tollefsen 50 1 2 2
Penalty Kill - 3 Players Forward
Forward Time % Phy DF OF
1 Nino Niederreiter 60 1 2 2
2 Tyler Johnson 40 1 2 2
Penalty Kill - 3 Players Defense
Defense Defense Time % Phy DF OF
1 Filip Kuba Brent Seabrook 50 1 2 2
2 Jiri Fischer Ole-Kristian Tollefsen 50 1 2 2
4 vs 4 Forward
Center Wing Time % Phy DF OF
1 Mike Richards Rick Nash 60 1 2 2
2 Tyler Johnson Phil Kessel 40 1 2 2
4 vs 4 Defense
Defense Defense Time % Phy DF OF
1 Brent Seabrook Jiri Fischer 60 1 2 2
2 Ole-Kristian Tollefsen Philip Samuelsson 40 1 2 2
Last Minutes Offensive
Center Left Wing Right Wing Defense Defense
Mike Richards Rick Nash Phil Kessel Brent Seabrook Ole-Kristian Tollefsen
Last Minutes Defensive
Center Left Wing Right Wing Defense Defense
Tyler Johnson Sean Bergenheim Rick Nash Jiri Fischer Filip Kuba
Goaltenders
Starting : Tuukka Rask
Backup : Ilya Bryzgalov
Extra Forwards
Normal : Rick Nash, Tyler Johnson, Nino Niederreiter - PP : Nino Niederreiter, Chris Kelly - PK : Sean Bergenheim
Extra Defensemen
Normal : Brent Seabrook, Ole-Kristian Tollefsen, Philip Samuelsson - PP : Filip Kuba - PK : Philip Samuelsson, Theo Peckham
Penalty Shots
Rick Nash, Mike Richards, Phil Kessel, Brent Seabrook, Sean Bergenheim
Scratches
Brendan Bell (Healthy)
% Time on Ice - Avalanche
Lines # - Real PCT - Wanted PCT - Time Play
Normal Forward
1 - 28% - 30% - 15:23
2 - 28% - 30% - 15:22
3 - 24% - 25% - 13:08
4 - 19% - 15% - 10:10
Normal Defense
1 - 35% - 35% - 18:39
2 - 34% - 35% - 18:11
3 - 32% - 30% - 17:13
4 - 0% - 0% - 0:00
PP Forward
1 - 54% - 60% - 1:04
2 - 46% - 40% - 0:55
PP Defense
1 - 46% - 60% - 0:55
2 - 54% - 40% - 1:04
PK Forward
1 - 91% - 60% - 3:36
2 - 9% - 40% - 0:22
PK Defense
1 - 56% - 60% - 2:14
2 - 44% - 40% - 1:44
PK3 Forward
1 - 0% - 60%
2 - 0% - 40%
PK3 Defense
1 - 0% - 60%
2 - 0% - 40%
44 Forward
1 - 0% - 60%
2 - 0% - 40%
44 Defense
1 - 0% - 60%
2 - 0% - 40%
Last Minute Offensive - 0:00
Last Minute Defensive - 0:00
Total
Forward - 60:00
Defense - 60:00
|
% Time on Ice - Red Wings
Lines # - Real PCT - Wanted PCT - Time Play
Normal Forward
1 - 28% - 36% - 15:17
2 - 33% - 36% - 18:06
3 - 15% - 20% - 8:11
4 - 23% - 8% - 12:29
Normal Defense
1 - 35% - 35% - 18:48
2 - 36% - 35% - 19:23
3 - 20% - 20% - 11:04
4 - 9% - 10% - 4:48
PP Forward
1 - 58% - 60% - 2:18
2 - 42% - 40% - 1:40
PP Defense
1 - 64% - 60% - 2:33
2 - 36% - 40% - 1:25
PK Forward
1 - 51% - 50% - 1:01
2 - 49% - 50% - 0:58
PK Defense
1 - 60% - 50% - 1:11
2 - 40% - 50% - 0:48
PK3 Forward
1 - 0% - 60%
2 - 0% - 40%
PK3 Defense
1 - 0% - 50%
2 - 0% - 50%
44 Forward
1 - 0% - 60%
2 - 0% - 40%
44 Defense
1 - 0% - 60%
2 - 0% - 40%
Last Minute Offensive - 0:00
Last Minute Defensive - 0:00
Total
Forward - 60:00
Defense - 60:00
|
Play by Play
1st period
0:01 of 1st period - Bryan Little wins face-off versus Mike Richards in neutral zone.
0:08 of 1st period - Snap shot by Mikkel Boedker.
0:08 of 1st period - Stopped by Tuukka Rask with a rebound.
0:16 of 1st period - Wrist shot by Mikkel Boedker.
0:16 of 1st period - Goal by Mikkel Boedker - Avalanche : 1 - Red Wings : 0.
0:17 of 1st period - Paul Stastny wins face-off versus Tyler Johnson in neutral zone.
0:26 of 1st period - Slapshot by Phil Kessel.
0:26 of 1st period - Stopped by Semyon Varlamov with a rebound.
0:28 of 1st period - Snap shot by Ole-Kristian Tollefsen.
0:28 of 1st period - Stopped by Semyon Varlamov without a rebound.
0:29 of 1st period - Chris Kelly wins face-off versus Chris Drury in Avalanche zone.
1:06 of 1st period - Kyle Turris is hit by Tyler Johnson and loses puck.
1:21 of 1st period - Ole-Kristian Tollefsen is hit by Pernell Karl Subban and loses puck.
1:28 of 1st period - Wrist shot by Andrei Kostitsyn.
1:28 of 1st period - Shot Misses the Net.
1:52 of 1st period - Brent Seabrook is hit by Corey Perry and loses puck.
3:47 of 1st period - Snap shot by Alex Picard.
3:47 of 1st period - Deflect By Tyler Johnson.
3:47 of 1st period - Shot Misses the Net.
3:47 of 1st period - Puck is out of play.
3:48 of 1st period - Chris Kelly wins face-off versus Kyle Turris in Avalanche zone.
4:14 of 1st period - Icing by Nino Niederreiter.
4:15 of 1st period - Paul Stastny wins face-off versus Chris Kelly in Red Wings zone.
4:18 of 1st period - Snap shot by Andrei Kostitsyn.
4:18 of 1st period - Stopped by Tuukka Rask with a rebound.
4:20 of 1st period - Slapshot by Jack Johnson.
4:20 of 1st period - Shot Blocked by Theo Peckham.
4:24 of 1st period - Wrist shot by Andrei Kostitsyn.
4:24 of 1st period - Stopped by Tuukka Rask without a rebound.
4:25 of 1st period - Bryan Little wins face-off versus Mike Richards in Red Wings zone.
4:36 of 1st period - Snap shot by Bryan Little.
4:36 of 1st period - Shot Misses the Net.
4:52 of 1st period - Slapshot by Paul Stastny.
4:52 of 1st period - Shot Blocked by Brent Seabrook.
5:24 of 1st period - Snap shot by Nate Thompson.
5:24 of 1st period - Shot Misses the Net.
5:26 of 1st period - Snap shot by Ales Hemsky.
5:26 of 1st period - Shot Hit the Post.
5:54 of 1st period - Chuck Kobasew is hit by Theo Peckham and loses puck.
6:29 of 1st period - Slapshot by Chuck Kobasew.
6:29 of 1st period - Goal by Chuck Kobasew - Avalanche : 2 - Red Wings : 0.
6:30 of 1st period - Bryan Little wins face-off versus Tyler Johnson in neutral zone.
6:36 of 1st period - Sean Bergenheim is hit by Marc Staal and loses puck.
6:41 of 1st period - Snap shot by Mikkel Boedker.
6:41 of 1st period - Deflect By Bryan Little.
6:41 of 1st period - Stopped by Tuukka Rask without a rebound.
6:42 of 1st period - Tyler Johnson wins face-off versus Bryan Little in Red Wings zone.
6:56 of 1st period - Icing by Marc Staal.
6:57 of 1st period - Mikkel Boedker wins face-off versus Mike Richards in Avalanche zone.
7:02 of 1st period - Brent Seabrook is hit by Bryan Little and loses puck.
8:02 of 1st period - Icing by Ales Hemsky.
8:03 of 1st period - Kyle Turris wins face-off versus Nate Thompson in Red Wings zone.
8:31 of 1st period - Snap shot by Phil Kessel.
8:31 of 1st period - Stopped by Semyon Varlamov with a rebound.
9:37 of 1st period - Wrist shot by Chris Drury.
9:37 of 1st period - Stopped by Tuukka Rask with a rebound.
10:15 of 1st period - Slapshot by Nate Thompson.
10:15 of 1st period - Shot Misses the Net.
10:35 of 1st period - Snap shot by Paul Stastny.
10:35 of 1st period - Stopped by Tuukka Rask without a rebound.
10:36 of 1st period - Alexander Radulov wins face-off versus Mike Richards in Red Wings zone.
10:45 of 1st period - Snap shot by Alexander Radulov.
10:45 of 1st period - Stopped by Tuukka Rask with a rebound.
11:00 of 1st period - Icing by Ole-Kristian Tollefsen.
11:01 of 1st period - Mike Richards wins face-off versus Paul Stastny in Red Wings zone.
11:01 of 1st period - Mike Richards is hit by Pernell Karl Subban.
11:14 of 1st period - Off-side.
11:15 of 1st period - Rick Nash wins face-off versus Bryan Little in neutral zone.
11:20 of 1st period - Slapshot by Brent Seabrook.
11:20 of 1st period - Stopped by Semyon Varlamov without a rebound.
11:21 of 1st period - Mike Richards wins face-off versus Bryan Little in Avalanche zone.
11:26 of 1st period - Slapshot by Mike Richards.
11:26 of 1st period - Shot Hit the Post.
11:28 of 1st period - Slapshot by Jiri Fischer.
11:28 of 1st period - Shot Misses the Net.
11:30 of 1st period - Slapshot by Brent Seabrook.
11:30 of 1st period - Deflect By Bryan Little.
11:30 of 1st period - Stopped by Semyon Varlamov with a rebound.
11:32 of 1st period - Wrist shot by Mike Richards.
11:32 of 1st period - Stopped by Semyon Varlamov with a rebound.
11:34 of 1st period - Wrist shot by Mike Richards.
11:34 of 1st period - Shot Misses the Net.
11:38 of 1st period - Slapshot by Alex Picard.
11:38 of 1st period - Shot Misses the Net.
11:54 of 1st period - Snap shot by Phil Kessel.
11:54 of 1st period - Shot Misses the Net.
11:56 of 1st period - Slapshot by Sean Bergenheim.
11:56 of 1st period - Stopped by Semyon Varlamov with a rebound.
12:09 of 1st period - Off-side.
12:10 of 1st period - Paul Stastny wins face-off versus Nate Thompson in neutral zone.
12:39 of 1st period - Snap shot by Rick Nash.
12:39 of 1st period - Stopped by Semyon Varlamov with a rebound.
12:41 of 1st period - Slapshot by Philip Samuelsson.
12:41 of 1st period - Stopped by Semyon Varlamov with a rebound.
12:43 of 1st period - Wrist shot by Rick Nash.
12:43 of 1st period - Stopped by Semyon Varlamov without a rebound.
12:44 of 1st period - Mike Richards wins face-off versus Chris Drury in Avalanche zone.
13:15 of 1st period - Snap shot by Alex Picard.
13:15 of 1st period - Stopped by Semyon Varlamov with a rebound.
13:21 of 1st period - Snap shot by Mike Richards.
13:21 of 1st period - Shot Misses the Net.
13:23 of 1st period - Snap shot by Mike Richards.
13:23 of 1st period - Shot Misses the Net.
13:25 of 1st period - Snap shot by Filip Kuba.
13:25 of 1st period - Stopped by Semyon Varlamov without a rebound.
13:26 of 1st period - Paul Stastny wins face-off versus Tyler Johnson in Avalanche zone.
13:39 of 1st period - Wrist shot by Paul Stastny.
13:39 of 1st period - Shot Misses the Net.
13:43 of 1st period - Wrist shot by Paul Stastny.
13:43 of 1st period - Shot Misses the Net.
13:53 of 1st period - Tyler Johnson is hit by Marc Staal.
14:01 of 1st period - Sean Bergenheim is hit by Kyle Turris.
14:45 of 1st period - Snap shot by Chris Drury.
14:45 of 1st period - Shot Misses the Net.
15:10 of 1st period - Wrist shot by Nate Thompson.
15:10 of 1st period - Deflect By Pernell Karl Subban.
15:10 of 1st period - Stopped by Semyon Varlamov with a rebound.
15:16 of 1st period - Jiri Fischer is hit by Chuck Kobasew and loses puck.
15:31 of 1st period - Jack Johnson is hit by Jiri Fischer and loses puck.
16:00 of 1st period - Filip Kuba is hit by Paul Stastny and loses puck.
16:21 of 1st period - Slapshot by Mikkel Boedker.
16:21 of 1st period - Shot Misses the Net.
16:23 of 1st period - Slapshot by Bryan Little.
16:23 of 1st period - Deflect By Filip Kuba.
16:23 of 1st period - Stopped by Tuukka Rask with a rebound.
16:25 of 1st period - Slapshot by Mikkel Boedker.
16:25 of 1st period - Goal by Mikkel Boedker - Avalanche : 3 - Red Wings : 0.
16:26 of 1st period - Tyler Johnson wins face-off versus Paul Stastny in neutral zone.
17:36 of 1st period - Ole-Kristian Tollefsen is hit by Chuck Kobasew and loses puck.
17:51 of 1st period - Jiri Fischer is hit by Brandon Yip and loses puck.
18:47 of 1st period - Filip Kuba is hit by Johnny Boychuk and loses puck.
18:58 of 1st period - Kyle Turris is hit by Sean Bergenheim and loses puck.
19:10 of 1st period - Icing by Marc Staal.
19:11 of 1st period - Mike Richards wins face-off versus Kyle Turris in Avalanche zone.
19:12 of 1st period - Snap shot by Alex Picard.
19:12 of 1st period - Deflect By Ales Hemsky.
19:12 of 1st period - Shot Blocked by Marc Staal.
19:12 of 1st period - Puck is out of play.
19:13 of 1st period - Paul Stastny wins face-off versus Nate Thompson in Avalanche zone.
19:25 of 1st period - Snap shot by Ales Hemsky.
19:25 of 1st period - Shot Misses the Net.
19:53 of 1st period - Snap shot by Bryan Little.
19:53 of 1st period - Shot Misses the Net.
Goals for this period are 3 for Avalanche vs 0 for Red Wings.
Shots for this period are 11 for Avalanche vs 13 for Red Wings.
2nd period
0:01 of 2nd period - Tyler Johnson wins face-off versus Paul Stastny in neutral zone.
0:16 of 2nd period - Slapshot by Sean Bergenheim.
0:16 of 2nd period - Shot Misses the Net.
0:35 of 2nd period - Snap shot by Rick Nash.
0:35 of 2nd period - Shot Blocked by Corey Perry.
0:37 of 2nd period - Snap shot by Rick Nash.
0:37 of 2nd period - Stopped by Semyon Varlamov with a rebound.
0:53 of 2nd period - Wrist shot by Chris Kelly.
0:53 of 2nd period - Stopped by Semyon Varlamov with a rebound.
1:03 of 2nd period - Oleg Saprykin is hit by Jay Bouwmeester.
1:23 of 2nd period - Tyler Johnson is hit by Andrei Kostitsyn.
1:51 of 2nd period - Wrist shot by Jay Bouwmeester.
1:51 of 2nd period - Deflect By Theo Peckham.
1:51 of 2nd period - Stopped by Tuukka Rask without a rebound.
1:52 of 2nd period - Alexander Radulov wins face-off versus Tyler Johnson in Red Wings zone.
3:29 of 2nd period - Slapshot by Marc Staal.
3:29 of 2nd period - Shot Misses the Net.
3:31 of 2nd period - Slapshot by Chris Drury.
3:31 of 2nd period - Stopped by Tuukka Rask without a rebound.
3:32 of 2nd period - Tyler Johnson wins face-off versus Paul Stastny in Red Wings zone.
4:04 of 2nd period - Alex Picard is hit by Corey Perry.
4:22 of 2nd period - Ole-Kristian Tollefsen is hit by Kyle Turris and loses puck.
4:29 of 2nd period - Wrist shot by Chuck Kobasew.
4:29 of 2nd period - Stopped by Tuukka Rask with a rebound.
4:31 of 2nd period - Slapshot by Kyle Turris.
4:31 of 2nd period - Stopped by Tuukka Rask with a rebound.
4:33 of 2nd period - Backhand shot by Dan Boyle.
4:33 of 2nd period - Shot Blocked by Philip Samuelsson.
4:51 of 2nd period - Wrist shot by Alex Picard.
4:51 of 2nd period - Stopped by Semyon Varlamov without a rebound.
4:52 of 2nd period - Tyler Johnson wins face-off versus Mikkel Boedker in Avalanche zone.
5:46 of 2nd period - Slapshot by Rick Nash.
5:46 of 2nd period - Shot Blocked by Jay Bouwmeester.
5:54 of 2nd period - Wrist shot by Mike Richards.
5:54 of 2nd period - Shot Misses the Net.
5:56 of 2nd period - Wrist shot by Rick Nash.
5:56 of 2nd period - Shot Blocked by Brandon Yip.
6:06 of 2nd period - Snap shot by Ales Hemsky.
6:06 of 2nd period - Stopped by Semyon Varlamov without a rebound.
6:07 of 2nd period - Kyle Turris wins face-off versus Nate Thompson in Avalanche zone.
6:22 of 2nd period - Snap shot by Brent Seabrook.
6:22 of 2nd period - Stopped by Semyon Varlamov without a rebound.
6:23 of 2nd period - Bryan Little wins face-off versus Mike Richards in Avalanche zone.
6:37 of 2nd period - Wrist shot by Bryan Little.
6:37 of 2nd period - Shot Misses the Net.
6:39 of 2nd period - Slapshot by Bryan Little.
6:39 of 2nd period - Deflect By Mikkel Boedker.
6:39 of 2nd period - Shot Blocked by Philip Samuelsson.
6:39 of 2nd period - Puck is out of play.
6:40 of 2nd period - Andrei Kostitsyn wins face-off versus Tyler Johnson in Red Wings zone.
6:53 of 2nd period - Brandon Yip is hit by Sean Bergenheim and loses puck.
7:39 of 2nd period - Snap shot by Ales Hemsky.
7:39 of 2nd period - Shot Misses the Net.
7:50 of 2nd period - Off-side.
7:51 of 2nd period - Tyler Johnson wins face-off versus Kyle Turris in neutral zone.
7:53 of 2nd period - Minor Penalty to Brent Seabrook for Slashing.
7:54 of 2nd period - Tyler Johnson wins face-off versus Bryan Little in Red Wings zone.
8:04 of 2nd period - Snap shot by Mikkel Boedker.
8:04 of 2nd period - Shot Blocked by Nino Niederreiter.
9:53 of 2nd period - Penalty to Brent Seabrook is over, Brent Seabrook is back on ice.
10:10 of 2nd period - Phil Kessel is hit by Johnny Boychuk and loses puck.
10:17 of 2nd period - Wrist shot by Brandon Yip.
10:17 of 2nd period - Shot Misses the Net.
10:19 of 2nd period - Wrist shot by Brandon Yip.
10:19 of 2nd period - Stopped by Tuukka Rask without a rebound.
10:20 of 2nd period - Chris Kelly wins face-off versus Kyle Turris in Red Wings zone.
10:45 of 2nd period - Andrew Ladd is hit by Ales Hemsky and loses puck.
11:32 of 2nd period - Slapshot by Mike Richards.
11:32 of 2nd period - Shot Misses the Net.
11:34 of 2nd period - Wrist shot by Rick Nash.
11:34 of 2nd period - Shot Hit the Post.
11:36 of 2nd period - Wrist shot by Mike Richards.
11:36 of 2nd period - Shot Misses the Net.
12:22 of 2nd period - Mike Richards is hit by Andrei Kostitsyn.
13:37 of 2nd period - Snap shot by Alexander Radulov.
13:37 of 2nd period - Shot Misses the Net.
13:39 of 2nd period - Snap shot by Andrew Ladd.
13:39 of 2nd period - Stopped by Tuukka Rask with a rebound.
13:41 of 2nd period - Snap shot by Chris Drury.
13:41 of 2nd period - Shot Blocked by Brent Seabrook.
13:43 of 2nd period - Slapshot by Johnny Boychuk.
13:43 of 2nd period - Shot Blocked by Jiri Fischer.
14:03 of 2nd period - Snap shot by Andrei Kostitsyn.
14:03 of 2nd period - Stopped by Tuukka Rask without a rebound.
14:04 of 2nd period - Tyler Johnson wins face-off versus Bryan Little in Red Wings zone.
14:54 of 2nd period - Wrist shot by Chris Drury.
14:54 of 2nd period - Shot Misses the Net.
14:56 of 2nd period - Slapshot by Jay Bouwmeester.
14:56 of 2nd period - Shot Misses the Net.
14:58 of 2nd period - Wrist shot by Alexander Radulov.
14:58 of 2nd period - Shot Misses the Net.
15:00 of 2nd period - Snap shot by Chris Drury.
15:00 of 2nd period - Goal by Chris Drury - Avalanche : 4 - Red Wings : 0.
15:01 of 2nd period - Bryan Little wins face-off versus Mike Richards in neutral zone.
15:03 of 2nd period - Off-side.
15:04 of 2nd period - Bryan Little wins face-off versus Mike Richards in neutral zone.
15:41 of 2nd period - Snap shot by Andrei Kostitsyn.
15:41 of 2nd period - Stopped by Tuukka Rask with a rebound.
15:51 of 2nd period - Jay Bouwmeester is hit by Brent Seabrook.
16:28 of 2nd period - Icing by Pernell Karl Subban.
16:29 of 2nd period - Kyle Turris wins face-off versus Tyler Johnson in Avalanche zone.
17:03 of 2nd period - Slapshot by Mikkel Boedker.
17:03 of 2nd period - Shot Misses the Net.
17:05 of 2nd period - Slapshot by Pernell Karl Subban.
17:05 of 2nd period - Stopped by Tuukka Rask without a rebound.
17:06 of 2nd period - Tyler Johnson wins face-off versus Chris Drury in Red Wings zone.
17:13 of 2nd period - Wrist shot by Alexander Radulov.
17:13 of 2nd period - Shot Misses the Net.
17:23 of 2nd period - Wrist shot by Sean Bergenheim.
17:23 of 2nd period - Deflect By Chris Drury.
17:23 of 2nd period - Shot Misses the Net.
17:23 of 2nd period - Puck is out of play.
17:24 of 2nd period - Bryan Little wins face-off versus Mike Richards in Avalanche zone.
17:26 of 2nd period - Minor Penalty to Dan Boyle for Interference.
17:27 of 2nd period - Andrew Ladd wins face-off versus Sean Bergenheim in Avalanche zone.
17:39 of 2nd period - Wrist shot by Rick Nash.
17:39 of 2nd period - Stopped by Semyon Varlamov without a rebound.
17:40 of 2nd period - Andrew Ladd wins face-off versus Mike Richards in Avalanche zone.
18:51 of 2nd period - Jiri Fischer is hit by Jack Johnson and loses puck.
19:26 of 2nd period - Penalty to Dan Boyle is over, Dan Boyle is back on ice.
19:35 of 2nd period - Snap shot by Bryan Little.
19:35 of 2nd period - Deflect By Mikkel Boedker.
19:35 of 2nd period - Shot Misses the Net.
19:35 of 2nd period - Puck is out of play.
19:36 of 2nd period - Alex Picard wins face-off versus Bryan Little in Red Wings zone.
19:46 of 2nd period - Icing by Bryan Little.
19:47 of 2nd period - Bryan Little wins face-off versus Chris Kelly in Avalanche zone.
Goals for this period are 1 for Avalanche vs 0 for Red Wings.
Shots for this period are 10 for Avalanche vs 6 for Red Wings.
3rd period
0:01 of 3rd period - Mike Richards wins face-off versus Andrei Kostitsyn in neutral zone.
0:04 of 3rd period - Snap shot by Ole-Kristian Tollefsen.
0:04 of 3rd period - Deflect By Mike Richards.
0:04 of 3rd period - Stopped by Semyon Varlamov with a rebound.
0:26 of 3rd period - Mikkel Boedker is hit by Sean Bergenheim and loses puck.
1:35 of 3rd period - Slapshot by Jay Bouwmeester.
1:35 of 3rd period - Deflect By Brandon Yip.
1:35 of 3rd period - Stopped by Tuukka Rask with a rebound.
2:01 of 3rd period - Snap shot by Andrew Ladd.
2:01 of 3rd period - Stopped by Tuukka Rask without a rebound.
2:02 of 3rd period - Chris Drury wins face-off versus Mike Richards in Red Wings zone.
2:05 of 3rd period - Snap shot by Andrew Ladd.
2:05 of 3rd period - Shot Misses the Net.
2:13 of 3rd period - Snap shot by Alex Picard.
2:13 of 3rd period - Shot Misses the Net.
2:15 of 3rd period - Snap shot by Mike Richards.
2:15 of 3rd period - Deflect By Rick Nash.
2:15 of 3rd period - Stopped by Semyon Varlamov with a rebound.
2:17 of 3rd period - Slapshot by Filip Kuba.
2:17 of 3rd period - Deflect By Mike Richards.
2:17 of 3rd period - Shot Blocked by Marc Staal.
2:17 of 3rd period - Puck is out of play.
2:18 of 3rd period - Paul Stastny wins face-off versus Chris Kelly in Avalanche zone.
2:23 of 3rd period - Nino Niederreiter is hit by Dan Boyle and loses puck.
3:49 of 3rd period - Slapshot by Brandon Yip.
3:49 of 3rd period - Stopped by Tuukka Rask without a rebound.
3:50 of 3rd period - Andrei Kostitsyn wins face-off versus Mike Richards in Red Wings zone.
4:01 of 3rd period - Andrei Kostitsyn is hit by Rick Nash and loses puck.
4:53 of 3rd period - Nate Thompson is hit by Chris Drury and loses puck.
5:14 of 3rd period - Slapshot by Nate Thompson.
5:14 of 3rd period - Goal by Nate Thompson - Avalanche : 4 - Red Wings : 1.
5:15 of 3rd period - Mike Richards wins face-off versus Paul Stastny in neutral zone.
5:18 of 3rd period - Paul Stastny is hit by Rick Nash.
5:45 of 3rd period - Wrist shot by Bryan Little.
5:45 of 3rd period - Stopped by Tuukka Rask with a rebound.
6:46 of 3rd period - Snap shot by Paul Stastny.
6:46 of 3rd period - Stopped by Tuukka Rask with a rebound.
7:11 of 3rd period - Dan Boyle is hit by Theo Peckham and loses puck.
7:31 of 3rd period - Snap shot by Nate Thompson.
7:31 of 3rd period - Stopped by Semyon Varlamov without a rebound.
7:32 of 3rd period - Tyler Johnson wins face-off versus Paul Stastny in Avalanche zone.
7:59 of 3rd period - Pernell Karl Subban is hit by Mike Richards and loses puck.
8:06 of 3rd period - Slapshot by Johnny Boychuk.
8:06 of 3rd period - Deflect By Brandon Yip.
8:06 of 3rd period - Stopped by Tuukka Rask with a rebound.
8:08 of 3rd period - Snap shot by Dan Boyle.
8:08 of 3rd period - Stopped by Tuukka Rask with a rebound.
8:10 of 3rd period - Wrist shot by Paul Stastny.
8:10 of 3rd period - Shot Misses the Net.
8:16 of 3rd period - Snap shot by Paul Stastny.
8:16 of 3rd period - Shot Misses the Net.
8:18 of 3rd period - Snap shot by Brandon Yip.
8:18 of 3rd period - Stopped by Tuukka Rask with a rebound.
8:20 of 3rd period - Snap shot by Andrei Kostitsyn.
8:20 of 3rd period - Shot Misses the Net.
8:22 of 3rd period - Slapshot by Dan Boyle.
8:22 of 3rd period - Shot Blocked by Brent Seabrook.
8:52 of 3rd period - Snap shot by Paul Stastny.
8:52 of 3rd period - Shot Misses the Net.
8:54 of 3rd period - Slapshot by Pernell Karl Subban.
8:54 of 3rd period - Shot Blocked by Rick Nash.
9:08 of 3rd period - Wrist shot by Paul Stastny.
9:08 of 3rd period - Stopped by Tuukka Rask with a rebound.
9:10 of 3rd period - Slapshot by Paul Stastny.
9:10 of 3rd period - Shot Misses the Net.
9:12 of 3rd period - Wrist shot by Andrei Kostitsyn.
9:12 of 3rd period - Stopped by Tuukka Rask without a rebound.
9:13 of 3rd period - Tyler Johnson wins face-off versus Bryan Little in Red Wings zone.
9:18 of 3rd period - Philip Samuelsson is hit by Marc Staal and loses puck.
9:33 of 3rd period - Icing by Sean Bergenheim.
9:34 of 3rd period - Tyler Johnson wins face-off versus Chris Drury in Red Wings zone.
9:34 of 3rd period - Tyler Johnson is hit by Chris Drury.
9:54 of 3rd period - Phil Kessel is hit by Chris Drury and loses puck.
10:07 of 3rd period - Snap shot by Ole-Kristian Tollefsen.
10:07 of 3rd period - Stopped by Semyon Varlamov with a rebound.
10:46 of 3rd period - Off-side.
10:47 of 3rd period - Nate Thompson wins face-off versus Chris Drury in neutral zone.
11:22 of 3rd period - Snap shot by Bryan Little.
11:22 of 3rd period - Shot Misses the Net.
11:55 of 3rd period - Kyle Turris is hit by Nino Niederreiter and loses puck.
12:12 of 3rd period - Snap shot by Paul Stastny.
12:12 of 3rd period - Stopped by Tuukka Rask without a rebound.
12:13 of 3rd period - Tyler Johnson wins face-off versus Paul Stastny in Red Wings zone.
12:22 of 3rd period - Wrist shot by Andrei Kostitsyn.
12:22 of 3rd period - Stopped by Tuukka Rask without a rebound.
12:23 of 3rd period - Mikkel Boedker wins face-off versus Tyler Johnson in Red Wings zone.
12:32 of 3rd period - Wrist shot by Bryan Little.
12:32 of 3rd period - Shot Blocked by Ole-Kristian Tollefsen.
12:40 of 3rd period - Wrist shot by Mikkel Boedker.
12:40 of 3rd period - Shot Hit the Post.
12:52 of 3rd period - Philip Samuelsson is hit by Andrew Ladd and loses puck.
12:58 of 3rd period - Off-side.
12:59 of 3rd period - Mike Richards wins face-off versus Paul Stastny in neutral zone.
13:30 of 3rd period - Off-side.
13:31 of 3rd period - Bryan Little wins face-off versus Tyler Johnson in neutral zone.
14:00 of 3rd period - Wrist shot by Mikkel Boedker.
14:00 of 3rd period - Shot Blocked by Filip Kuba.
14:02 of 3rd period - Slapshot by Dan Boyle.
14:02 of 3rd period - Stopped by Tuukka Rask with a rebound.
14:14 of 3rd period - Wrist shot by Paul Stastny.
14:14 of 3rd period - Deflect By Brandon Yip.
14:14 of 3rd period - Shot Blocked by Theo Peckham.
14:14 of 3rd period - Puck is out of play.
14:15 of 3rd period - Chris Drury wins face-off versus Tyler Johnson in Red Wings zone.
14:49 of 3rd period - Slapshot by Mikkel Boedker.
14:49 of 3rd period - Shot Misses the Net.
14:51 of 3rd period - Wrist shot by Bryan Little.
14:51 of 3rd period - Stopped by Tuukka Rask with a rebound.
15:33 of 3rd period - Minor Penalty to Chuck Kobasew for Tripping.
15:34 of 3rd period - Mike Richards wins face-off versus Andrew Ladd in Avalanche zone.
16:48 of 3rd period - Brent Seabrook is hit by Pernell Karl Subban and loses puck.
16:53 of 3rd period - Slapshot by Chris Drury.
16:53 of 3rd period - Shot Blocked by Brent Seabrook.
17:33 of 3rd period - Penalty to Chuck Kobasew is over, Chuck Kobasew is back on ice.
17:35 of 3rd period - Pernell Karl Subban is hit by Nino Niederreiter and loses puck.
17:52 of 3rd period - Slapshot by Mikkel Boedker.
17:52 of 3rd period - Shot Misses the Net.
17:58 of 3rd period - Snap shot by Bryan Little.
17:58 of 3rd period - Shot Misses the Net.
18:51 of 3rd period - Alexander Radulov is hit by Nate Thompson and loses puck.
Goals for this period are 0 for Avalanche vs 1 for Red Wings.
Shots for this period are 14 for Avalanche vs 5 for Red Wings.
Back to the Top